 Dungeon Crawl Stone Soup version 0.31-a0-164-g2312942fda (webtiles) character file.

Game seed: 13852536782830273784

188 qw the Shooter (level 5, -3/32 HPs)
             Began as a Gargoyle Hunter on June 13, 2023.
             Slain by Duvessa
             ... wielding a +0 short sword
              (5 damage)
             ... on level 4 of the Dungeon.
             The game lasted 00:01:06 (2645 turns).

qw the Shooter (Gargoyle Hunter)                    Turns: 2645, Time: 00:01:07

Health: -3/32      AC: 11    Str: 13 (14) XL:     5   Next: 67%
Magic:  5/5        EV: 10    Int:  7 (10) God:
Gold:   185        SH:  0    Dex: 14 (15) Spells: 4/4 levels left

rFire   . . .        Y - +0 shortbow
rCold   . . .        (shield currently unavailable)
rNeg    + . .        e - +0 ring mail
rPois   inf          g - +0 helmet
rElec   +            (no cloak)
rCorr   .            (no gloves)
SInv    .            o - +0 pair of boots
Will    +....        (no amulet)
Stlth   +            l - ring of willpower
HPRegen 0.25/turn    (no ring)
MPRegen 0.09/turn

%: no passive effects
@: no status effects
A: sickness immunity, AC +4, negative energy resistance 1, electricity
resistance, torment resistance 1, petrification resistance
a: no special abilities


You were on level 4 of the Dungeon.
You visited 1 branch of the dungeon, and saw 4 of its levels.

You collected 185 gold pieces.


Innate Abilities, Weirdness & Mutations

You are immune to sickness and miasma.
Your stone body is resilient. (AC +4)
You are immune to poison.
You resist negative energy. (rN+)
You are resistant to electric shocks. (rElec)
You are resistant to unholy torment.
You are immune to petrification.


   Skills:
 + Level 3.1 Fighting
 - Level 6.0 Ranged Weapons
 - Level 2.1 Armour
 - Level 1.5 Dodging
 - Level 1.1 Stealth


You had 4 spell levels left.
You didn't know any spells.
Your spell library was empty.

Inventory:

Hand Weapons
 Y - a +0 shortbow (weapon)
Armour
 e - a +0 ring mail (worn)
 g - a +0 helmet (worn)
 o - a +0 pair of boots (worn)
Jewellery
 l - a ring of willpower (left hand)
Scrolls
 n - a scroll of identify
Potions
 a - a potion of lignification {unknown}
 b - a potion of haste {unknown}
 c - a potion of attraction {unknown}
 f - a potion of curing {unknown}
 h - a potion of berserk rage {unknown}
 i - a potion of magic
 j - a potion of heal wounds {unknown}
 k - a potion of ambrosia {unknown}

Dungeon Overview and Level Annotations

Branches:
Dungeon (4/15)
 Temple: D:4-7

Altars:

Annotations:
D:3 Grinder
D:4 Dowan, Duvessa


Message History

The arrow hits Duvessa but does no damage.
Duvessa is lightly wounded.
Dowan gestures wildly while chanting.
Dowan blinks!
You shoot an arrow. The arrow hits Duvessa.
Duvessa is lightly wounded.
Duvessa closely misses you. Dowan hits you but does no damage.
You shoot an arrow. The arrow hits Duvessa.
Duvessa is moderately wounded.
Dowan hits you with a +0 dagger. Duvessa hits you but does no damage.
You shoot an arrow. The arrow hits Duvessa!
Duvessa is heavily wounded.
Dowan hits you but does no damage. Duvessa hits you but does no damage.
You shoot an arrow. The arrow hits Duvessa.
Duvessa is heavily wounded.
Dowan barely misses you. Duvessa closely misses you.
You shoot an arrow.
The arrow hits Duvessa but does no damage.
Duvessa is heavily wounded.
Duvessa hits you with a +0 short sword. Dowan completely misses you.
Duvessa hits you with a +0 short sword! Dowan completely misses you.
You shoot an arrow. The arrow hits Duvessa.
Duvessa is severely wounded.
Dowan hits you but does no damage. Duvessa hits you with a +0 short sword.
You shoot an arrow.
The arrow hits Duvessa but does no damage.
Duvessa is severely wounded.
Dowan hits you but does no damage. Duvessa hits you but does no damage.
You shoot an arrow. The arrow hits Duvessa.
Duvessa is severely wounded.
Dowan hits you but does no damage. Duvessa closely misses you.
You shoot an arrow. The arrow barely misses Duvessa.
Duvessa hits you with a +0 short sword. Dowan casts a spell at you.
The puff of flame hits you.
You shoot an arrow. The arrow closely misses Duvessa.
Duvessa hits you with a +0 short sword! Dowan closely misses you.
Dowan points at you and mumbles some strange words.
You resist with almost no effort. Duvessa hits you with a +0 short sword.
You die...

#............# .
#............##
..##.............#
.................#..
...#................
.. ##...###.<...##.
. ##..####...##
##..###..##
#e@...)## #5e.#####
#..o### .....# .#...
##.# ##


You could see Duvessa, Dowan, an orc and an ufetubus.

Vanquished Creatures
  A hound (D:3)
  Jessica (D:2)
  3 adders (D:2)
  4 gnolls (D:2)
  A worm (D:3)
  2 dart slugs (D:1)
  5 orcs (D:3)
  3 bats
  4 endoplasms
  2 giant cockroaches
  3 goblins
  2 hobgoblins (D:2)
  4 jackals (D:2)
  8 kobolds
  A quokka (D:3)
  5 ball pythons
  3 frilled lizards
  4 rats
56 creatures vanquished.

Notes
Turn   | Place    | Note
-------+----------+-------------------------------------------
     0 | D:1      | qw the Gargoyle Hunter began the quest for the Orb.
     0 | D:1      | Reached XP level 1. HP: 12/12 MP: 1/1
     0 | D:1      | 0 ||| qw: Version: 0.2-a-29-gc1b59c4
     0 | D:1      | 0 ||| qw: Game counter: 4461
     0 | D:1      | 0 ||| qw: Always use a shield: true
     0 | D:1      | 0 ||| qw: God list: Okawaru
     0 | D:1      | 0 ||| qw: Allow faded altars: false
     0 | D:1      | 0 ||| qw: Do Orc after D:15 true
     0 | D:1      | 0 ||| qw: Do second Lair branch before Depths: true
     0 | D:1      | 0 ||| qw: Lair rune preference: random
     0 | D:1      | 0 ||| qw: Plans: Normal, Zot:1-4, Slime:5, God:TSO, Crypt,
                  | Tomb, Abyss, Pan, Hells, Win
     0 | D:1      | 0 ||| PLANNING D:1-11
   113 | D:1      | Reached XP level 2. HP: 17/17 MP: 2/2
   590 | D:1      | 590 ||| UPGRADING to +0 ring mail.
   600 | D:1      | 600 ||| DROPPING +0 leather armour.
   601 | D:1      | 601 ||| UPGRADING to +0 helmet.
   606 | D:1      | 606 ||| READING scroll labelled ELUR FOSIBOSH.
   607 | D:1      | 607 ||| DROPPING scroll of butterflies.
   623 | D:2      | Noticed Jessica
   625 | D:2      | 625 ||| STAIRDANCE
   734 | D:2      | Killed Jessica
   735 | D:2      | Reached XP level 3. HP: 21/21 MP: 3/3
   908 | D:2      | Reached skill level 5 in Ranged Weapons
   908 | D:2      | Reached XP level 4. HP: 17/26 MP: 4/4
   919 | D:2      | Reached skill level 3 in Fighting
   921 | D:2      | 921 ||| FLEEEEING.
   922 | D:2      | 922 ||| FLEEEEING.
   923 | D:2      | 923 ||| FLEEEEING.
   926 | D:2      | 926 ||| FLEEEEING.
   927 | D:2      | 927 ||| FLEEEEING.
  1179 | D:2      | Reached XP level 5. HP: 30/32 MP: 5/5
  1635 | D:2      | 1635 ||| UPGRADING to ring of willpower.
  1636 | D:2      | 1636 ||| READING scroll labelled METUDW EPANOT.
  1637 | D:2      | 1637 ||| READING scroll labelled LOFOTH ITOIM.
  1638 | D:2      | 1638 ||| DRINKING 2 grey potions.
  1639 | D:2      | 1639 ||| DROPPING potion of brilliance.
  1715 | D:3      | Found a faded altar of an unknown god.
  2168 | D:3      | Reached skill level 6 in Ranged Weapons
  2329 | D:3      | Noticed Grinder
  2353 | D:3      | 2353 ||| FLEEEEING.
  2354 | D:3      | 2354 ||| FLEEEEING.
  2355 | D:3      | 2355 ||| FLEEEEING.
  2359 | D:3      | 2359 ||| FLEEEEING.
  2360 | D:3      | 2360 ||| FLEEEEING.
  2361 | D:3      | 2361 ||| FLEEEEING.
  2364 | D:3      | 2364 ||| FLEEEEING.
  2373 | D:3      | 2373 ||| FLEEEEING.
  2374 | D:3      | 2374 ||| FLEEEEING.
  2399 | D:3      | 2399 ||| FLEEEEING.
  2400 | D:3      | 2400 ||| FLEEEEING.
  2401 | D:3      | 2401 ||| FLEEEEING.
  2405 | D:3      | 2405 ||| FLEEEEING.
  2418 | D:3      | 2418 ||| FLEEEEING.
  2419 | D:3      | 2419 ||| FLEEEEING.
  2420 | D:3      | 2420 ||| FLEEEEING.
  2421 | D:3      | 2421 ||| FLEEEEING.
  2422 | D:3      | 2422 ||| FLEEEEING.
  2423 | D:3      | 2423 ||| STAIRDANCE
  2435 | D:2      | 2435 ||| UPGRADING to +0 pair of boots.
  2440 | D:2      | 2440 ||| READING scroll labelled LON KUINEZIAC.
  2441 | D:2      | 2441 ||| READING scroll labelled OPUDGHU FEYXESO LEWN.
  2446 | D:2      | 2446 ||| DRINKING 2 inky potions.
  2447 | D:2      | 2447 ||| DRINKING 2 fizzy green potions.
  2448 | D:2      | 2448 ||| DROPPING potion of degeneration.
  2615 | D:4      | 2615 ||| PLANNING SEWER
  2632 | D:4      | Noticed Duvessa
  2632 | D:4      | Noticed Dowan
  2645 | D:4      | HP: 2/32 [Duvessa/+0 short sword (7)]
  2645 | D:4      | Slain by Duvessa

Levels and vault maps discovered:
D:1:      eino_arrival_druids_welcome, layout_loops_ring
D:2:      layout_loops_corners, nicolae_grassy_gnolls, uniq_jessica
D:3:      layout_basic, shapermc_ecumenical_altar_venn, nrook_uturn,
          kennysheep_flooded_box, uniq_grinder
D:4:      layout_layer_cave, gup_sewer_entry_spiral, uniq_duvessa, uniq_menkaure

Skill      XL: |  1  2  3  4  5 |
---------------+----------------+-----
Armour         | 2 |  2.1
Ranged Weapons | 5 6 |  6.0
Fighting       | 3 |  3.1
Dodging        | |  1.5
Stealth        | |  1.1

Action                     |  1- 3 |  4- 6 || total
---------------------------+-------+-------++-------
   Fire: Shortbow          |    70 |   162 ||   232
    Use: Scroll            |     1 |     4 ||     5
         Potion            |       |     3 ||     3
 Armour: Leather armour    |     3 |       ||     3
         Ring mail         |     9 |    43 ||    52
  Dodge: Dodged            |    25 |    62 ||    87

Table legend:
 A = Non-vault XP
 B = Vault XP
 C = Vault XP percentage of total XP
 D = Non-vault monster count
 E = Vault monster count
 F = Vault count percentage of total count
                 A         B        C        D         E       F
            +---------+---------+-------+---------+---------+-------
      Total |     175 |      94 |  34.9 |      51 |       5 |   8.9
            +---------+---------+-------+---------+---------+-------
        D:1 |      30 |       0 |   0.0 |      16 |       0 |   0.0
        D:2 |      75 |      94 |  55.6 |      24 |       5 |  17.2
        D:3 |      69 |       0 |   0.0 |      10 |       0 |   0.0
        D:4 |       1 |       0 |   0.0 |       1 |       0 |   0.0
            +---------+---------+-------+---------+---------+-------
